 Dungeon Crawl Stone Soup version 0.28.0-53-g5a82cb258f (webtiles) character file.

Game seed: 17582201036694862676

16 fuccboisucc420 the Chopper (level 2, 0/22 HPs)
             Began as a Demonspawn Gladiator on July 26, 2022.
             Slain by a worm (8 damage)
             ... on level 2 of the Dungeon.
             The game lasted 00:03:55 (1054 turns).

fuccboisucc420 the Chopper (Demonspawn Gladiator)   Turns: 1054, Time: 00:03:55

Health: 0/22       AC:  4    Str: 14    XL:     2   Next: 37%
Magic:  2/2        EV:  8    Int:  9    God:
Gold:   116        SH: 10    Dex: 14    Spells: 1/1 levels left

rFire   . . .      SeeInvis .   a - +0 war axe
rCold   . . .      Faith    .   f - +0 tower shield
rNeg    . . .      Spirit   .   b - +0 leather armour
rPois   .          Reflect  .   c - +0 helmet
rElec   .          Harm     .   (no cloak)
rCorr   .          Rampage  .   (no gloves)
Will    .....                   (no boots)
Stlth   +.........              (no amulet)
HPRegen 0.07/turn               (no ring)
MPRegen 0.08/turn               (no ring)

@: no status effects
A: sturdy frame 1
a: no special abilities


You were on level 2 of the Dungeon.
You visited 1 branch of the dungeon, and saw 2 of its levels.

You collected 116 gold pieces.

Inventory:

Hand Weapons
 a - a +0 war axe (weapon)
Missiles
 d - 2 throwing nets
 e - 47 stones (quivered)
Armour
 b - a +0 leather armour (worn)
 c - a +0 helmet (worn)
 f - a +0 tower shield (worn)
Potions
 g - a potion of heal wounds {unknown}


   Skills:
 + Level 2.0 Fighting
 + Level 3.0 Axes
 + Level 2.1 Throwing
 + Level 2.9 Dodging


You had one spell level left.
You didn't know any spells.
Your spell library was empty.

Dungeon Overview and Level Annotations

Branches:
Dungeon (2/15)

Altars:

Shops:
D:2 (


Innate Abilities, Weirdness & Mutations

Your movements are slightly less encumbered by armour. (ER -2)


Message History

You now have 116 gold pieces (gained 11).
e - 47 stones (gained 7)
You see here a +0 short sword.
You open the door.
There is an open door here.
Found a stone staircase leading down.
You open the door.
There is an open door here.
You open the door.
There is an open door here.
Found a robe.
You see here a +0 robe.
A worm comes into view.
Found a potion of curing.
A worm is nearby!
A worm is nearby!
A quokka comes into view.
You hit the worm but do no damage. You block the worm's attack.
You hit the worm.
The worm is lightly wounded.
You block the worm's attack.
You barely miss the worm.
The worm is lightly wounded.
You block the worm's attack.
You hit the worm.
The worm is lightly wounded.
The worm bites you but does no damage.
You hit the worm.
The worm is moderately wounded.
The worm bites you!
You hit the worm.
The worm is heavily wounded.
The worm bites you.
You barely miss the worm.
The worm is heavily wounded.
You block the worm's attack.
You barely miss the worm.
The worm is heavily wounded.
The worm bites you!
You die...

#...###.....
##....###### #....#
#...#.... #...# ###
#...# ###
########..#..# ##
#....##.........#.....
.
#.#....@#######.#.....
.....##w# .# ##.# .###
.r. .# .# .#! #.... ..
.# ......# .. .
....#..# .## ###
.##.....# ## #..
...#.###.. #<. #..


You could see a worm and a quokka.

Vanquished Creatures
  2 bats (D:1)
  An endoplasm (D:2)
  A giant cockroach (D:1)
  A goblin (D:1)
  A hobgoblin (D:2)
  3 kobolds (D:2)
  2 quokkas (D:1)
  A ball python (D:1)
  2 frilled lizards
  A rat (D:1)
15 creatures vanquished.

Vanquished Creatures (others)
  A plant (D:1)
1 creature vanquished.

Grand Total: 16 creatures vanquished

Notes
Turn   | Place    | Note
-------+----------+-------------------------------------------
     0 | D:1      | fuccboisucc420 the Demonspawn Gladiator began the quest for
                  | the Orb.
     0 | D:1      | Reached XP level 1. HP: 16/16 MP: 1/1
   114 | D:2      | Found Zuanea's Weapon Shop.
   318 | D:1      | Reached skill level 3 in Axes
   343 | D:1      | Gained mutation: Your movements are slightly less
                  | encumbered by armour. (ER -2) [demonic ancestry]
   343 | D:1      | Reached XP level 2. HP: 22/22 MP: 2/2
   353 | D:1      | You fall into a shaft and drop 1 floor!
  1054 | D:2      | Slain by a worm

Illustrated notes

Levels and vault maps discovered:
D:1:      tarquinn_simple_flora_water_f, layout_basic, minmay_misc_feat_rugged,
          minivault_19
D:2:      layout_basic, serial_shops, shop_fountains,
          shapermc_ecumenical_altar_mp_vishouse, minmay_fractal_squares_5

Skill      XL: |  1 |
---------------+----+-----
Axes           | 3 |  3.0
Throwing       | 2 |  2.1
Fighting       | |  2.0
Dodging        | |  2.9

Action                   || total
-------------------------++-------
Melee: War axe           ||    50
Throw: Stone             ||     4
       Throwing net      ||     1
  Use: Potion            ||     1
Armor: Leather armour    ||    22
Dodge: Dodged            ||    38
Block: Tower shield      ||    12
